 Dungeon Crawl Stone Soup version 0.29.1-12-g30fa7ad0bf (webtiles) character file.

Game seed: 2599522926161006225

2740 wormed the Thrower (level 9, -1/71 (79) HPs)
             Began as a Troll Gladiator on Dec 25, 2022.
             Was a Believer of Okawaru.
             Slain by a gnoll
             ... wielding a +1 halberd of draining
              (5 damage)
             ... in a bailey.
             The game lasted 00:11:47 (5738 turns).

wormed the Thrower (Troll Gladiator)                Turns: 5738, Time: 00:11:48

HP:   -1/71 (79)    AC:  6    Str: 28    XL:     9   Next: 40%
MP:   8/8           EV:  8    Int:  4    God:    Okawaru [**....]
Gold: 348           SH: 19    Dex: 11    Spells: 8/8 levels left

rFire   . . .      SeeInvis .     - Unarmed
rCold   . . .      Faith    .   k - +0 tower shield
rNeg    . . .      Spirit   .   D - +1 robe {Will+}
rPois   .          Reflect  +   b - +0 hat
rElec   .          Harm     .   m - +0 cloak
rCorr   +          Rampage  .   (gloves unavailable)
Will    +....                   (boots unavailable)
Stlth   +.........              t - amulet of reflection
HPRegen 1.01/turn               h - ring of flight
MPRegen 0.11/turn               w - ring of resist corrosion

@: flying, heavily drained
A: large, unfitting armour, claws 3, regeneration 1, shaggy fur 1, tough skin 1
a: Renounce Religion, Heroism


You were in a bailey.
You worshipped Okawaru.
Okawaru was pleased with you.
You visited 2 branches of the dungeon, and saw 8 of its levels.
You also visited: Bailey.

You collected 348 gold pieces.

Inventory:

Missiles
 c - 3 throwing nets (quivered)
 d - a large rock
 g - 8 poisoned darts
Armour
 a - a +0 robe
 b - a +0 hat (worn)
 k - a +0 tower shield (worn)
 m - a +0 cloak (worn)
 D - a +1 robe of willpower (worn)
Jewellery
 h - a ring of flight (left claw)
 t - an amulet of reflection (around neck)
 w - a ring of resist corrosion (right claw)
 E - a ring of fire
Wands
 y - a wand of charming (7)
 B - a wand of mindburst (1)
Scrolls
 f - 2 scrolls of teleportation {unknown}
 l - a scroll of enchant armour {unknown}
 o - 2 scrolls of noise
 q - 2 scrolls of fear {unknown}
 u - a scroll of poison {unknown}
 z - a scroll of immolation {unknown}
 A - 3 scrolls of identify {unknown}
 C - a scroll of amnesia {unknown}
 G - a scroll of brand weapon {unknown}
Potions
 e - 2 potions of flight {unknown}
 i - 4 potions of heal wounds {unknown}
 j - 2 potions of haste {unknown}
 n - a potion of magic {unknown}
 p - 2 potions of might {unknown}
 r - 7 potions of curing {unknown}
 s - 2 potions of lignification {unknown}
 v - 2 potions of attraction {unknown}
 x - a potion of brilliance {unknown}
 F - 3 potions of mutation {unknown}
 H - a potion of resistance {unknown}


   Skills:
 - Level 2.0 Fighting
 + Level 8.3 Throwing
 - Level 3.0 Dodging
 + Level 8.0 Shields
 - Level 4.0 Unarmed Combat


You had 8 spell levels left.
You didn't know any spells.
Your spell library contained the following spells:

 Spells                   Type           Power      Damage    Failure   Level
 Necrotise                Necr           0%         1d4       95%         1
 Static Discharge         Conj/Air       0%         3-3/arc   99%         2
 Sublimation of Blood     Necr           0%         N/A       99%         2
 Wereblood                Tmut           0%         N/A       99%         2
 Gell's Gravitas          Tloc           0%         N/A       100%        3
 Teleport Other           Tloc           0%         N/A       100%        3
 Vampiric Draining        Necr           0%         2d6       100%        3
 Agony                    Necr           0%         N/A       100%        5
 Lightning Bolt           Conj/Air       0%         1d11      100%        5
 Dispersal                Tloc           0%         N/A       100%        6
 Maxwell's Capacitive Co  Air            0%         ∞         100%        8
 Summon Hydra             Summ           Unusable   N/A       N/A         7

Dungeon Overview and Level Annotations

Branches:
Dungeon (7/15)             Temple (1/1) D:4          Bailey (1/1)

Altars:
Ashenzari
Cheibriados
Dithmenos
Fedhas
Hepliaklqana
Kikubaaqudgha
Makhleb
Okawaru
Qazlal
Ru
Sif Muna
Trog
Uskayaw
Vehumet
Wu Jian
Yredelemnul
Zin
The Shining One

Shops:
D:6 (

Annotations:
D:6 2 runed translucent doors, wormed's ghost, novice GnMo


Innate Abilities, Weirdness & Mutations

You are too large for most types of armour.
You have claws for hands.
Your natural rate of healing is unusually fast.
You are covered in fur. (AC +1)
You have tough skin. (AC +1)


Message History

The gnoll flickers and vanishes!
Deactivating autopickup; reactivate with Ctrl-A.
There is an open door, spattered with blood here.
You scratch the gnoll but do no damage. You block the gnoll's attack.
Something hits you.
You feel drained.
You scratch the gnoll.
The gnoll is moderately wounded.
You block the gnoll's attack. Something hits you!
You feel drained.
You scratch the gnoll.
The gnoll is severely wounded.
You block the gnoll's attack. Something hits you.
You feel drained.
You barely miss the gnoll.
The gnoll is severely wounded.
The gnoll hits you with a +2 halberd of electrocution!
You block something's attack.
The gnoll hits you with a +2 halberd of electrocution.
You are electrocuted!
* * * LOW HITPOINT WARNING * * *
Something hits you!
* * * LOW HITPOINT WARNING * * *
You feel drained. You block the gnoll's attack.
There is an open door here.
The gnoll hits you with a +2 halberd of electrocution!
* * * LOW HITPOINT WARNING * * *
There is an open door here.
You closely miss the gnoll.
The gnoll is severely wounded.
You block the gnoll's attack. You block something's attack.
You closely miss the gnoll.
The gnoll is severely wounded.
You block the gnoll's attack. Something hits you.
* * * LOW HITPOINT WARNING * * *
You feel drained.
* * * LOW HITPOINT WARNING * * *
You claw the gnoll!
You kill the gnoll!
Okawaru accepts your kill. Something hits you.
You die...

### ### #####
#)###)###)))#
##'##'##'###'#
##.....## #..
###.....# .!.!
#)'..⌠..+ .⌠.!'
###.....# !g!.#
##)...)## !.!#
##)##+##@###+ +##+
#.## ##.#g# #)# ###
##### ### ###
#)###)###)#)###)###.#
##'##'##'###'##'##'##
##.....## ##...).##
#.....### #.....###
+..⌠..'.# +..∩..')#
#.....### #.....###


There were no monsters in sight!

Vanquished Creatures
  Grinder (D:3)
  A steam dragon (D:7)
  2 water moccasins (D:5)
  An orc warrior (Bailey)
  A black bear (D:6)
  3 ice beasts
  An ogre (D:7)
  A phantom (D:4)
  A bullfrog (D:6)
  7 necrophages
  2 scorpions
  3 killer bees (D:7)
  2 jellies
  An orc priest (D:7)
  3 hounds
  Terence (D:3)
  5 orc wizards
  2 iguanas
  A killer bee zombie (D:6)
  3 bullfrog simulacra (D:5)
  Robin (D:3)
  15 gnolls
  11 adders
  A white imp (D:6)
  An ufetubus (D:4)
  The ghost of superradish the Sneak, a weakling DsDe (D:5)
  A dart slug (D:4)
  An adder simulacrum (D:5)
  20 orcs
  7 ball pythons
  8 endoplasms
  4 giant cockroaches
  23 goblins
  6 hobgoblins
  2 jackals (D:3)
  6 quokkas
  3 bats
  2 frilled lizards
  8 kobolds
  9 rats
  A spectral orc (D:5)
173 creatures vanquished.

Vanquished Creatures (others)
  3 bushes (D:6)
  10 plants
13 creatures vanquished.

Grand Total: 186 creatures vanquished

Notes
Turn   | Place    | Note
-------+----------+-------------------------------------------
     0 | D:1      | wormed the Troll Gladiator began the quest for the Orb.
     0 | D:1      | Reached XP level 1. HP: 19/19 MP: 0/0
    75 | D:1      | Reached XP level 2. HP: 28/28 MP: 1/1
   268 | D:1      | Reached XP level 3. HP: 35/35 MP: 2/2
   340 | D:1      | Reached skill level 1 in Shields
   919 | D:3      | Noticed Grinder
   975 | D:3      | Reached XP level 4. HP: 20/42 MP: 3/3
  1036 | D:3      | Found a shadowy altar of Dithmenos.
  1303 | D:3      | Reached XP level 5. HP: 19/49 MP: 4/4
  1360 | D:3      | Noticed Terence
  1374 | D:3      | Killed Terence
  1527 | D:3      | Killed Grinder
  1528 | D:3      | Reached XP level 6. HP: 27/57 MP: 5/5
  1676 | D:3      | Noticed a moth of wrath
  1679 | D:3      | Found a bloodstained altar of Trog.
  1843 | D:3      | Noticed Robin
  1887 | D:3      | Killed Robin
  2013 | D:4      | Found a burning altar of Makhleb.
  2013 | D:4      | Found an ancient bone altar of Kikubaaqudgha.
  2259 | D:4      | Reached XP level 7. HP: 59/65 MP: 6/6
  2545 | D:4      | Reached skill level 5 in Throwing
  2620 | D:4      | Found a staircase to the Ecumenical Temple.
  2630 | Temple   | Entered the Ecumenical Temple
  2853 | Temple   | Became a worshipper of Warmaster Okawaru
  3017 | D:4      | Found a stormy altar of Qazlal.
  3273 | D:5      | Entered Level 5 of the Dungeon
  3283 | D:5      | Noticed superradish's ghost (weakling DsDe)
  3307 | D:5      | Reached skill level 5 in Shields
  3420 | D:5      | Reached * piety under Okawaru
  3421 | D:5      | Reached XP level 8. HP: 72/72 MP: 7/7
  3577 | D:5      | Found a runed translucent gate.
  3577 | D:5      | Found a runed translucent gate.
  3579 | D:5      | Found a runed translucent gate.
  3675 | D:5      | Found a basalt altar of Yredelemnul.
  4155 | D:5      | Killed superradish's ghost
  4264 | D:6      | Found Boponwiz's Antique Weapon Emporium.
  4373 | D:6      | Found a blossoming altar of Fedhas.
  4977 | D:6      | Found a large runed translucent door.
  4978 | D:6      | Found a large runed translucent door.
  4979 | D:6      | Noticed wormed's ghost (novice GnMo)
  5165 | D:6      | Reached ** piety under Okawaru
  5171 | D:6      | Reached XP level 9. HP: 76/79 MP: 8/8
  5429 | D:7      | Found a glowing silver altar of Zin.
  5475 | D:7      | Found a flagged portal.
  5556 | Bailey   | Entered a bailey
  5737 | Bailey   | HP: 3/71 [something (2)]
  5738 | Bailey   | Slain by a gnoll

Illustrated notes

Levels and vault maps discovered:
D:1:      amcnicky_arrival_flooded_fountain, layout_rooms
D:2:      layout_basic, serial_bayou_lagoon_a
D:3:      layout_loops_ring, lemuel_round_altar, tgw_trog,
          hangedman_feature_mirror, hex_medium, uniq_grinder, uniq_robin,
          uniq_terence
D:4:      layout_basic, jmf_multi_god_temple, nicolae_qazlal_general_emergency,
          minmay_temple_entry_arrows, minmay_crystal_water, nrook_uturn
D:5:      layout_cave_pools, yredelemnul_forgotten_temple_becter,
          gammafunk_ghost_icy, chequers_avenue
D:6:      layout_basic, fedhas_altar_decomposition, ebering_ghost_disaster_area,
          serial_shops, nicolae_square_shop, hangedman_decor_slide_cut
D:7:      layout_basic, lemuel_tele_altar, enter_bailey_2
Temple:   jpeg_temple_alley_garden
Bailey:   bailey_polearm_nasty_gnolls, bailey

Skill      XL: |  1  2  3  4  5  6  7  8  9 |
---------------+----------------------------+-----
Throwing       | 2 4 5 7 8 |  8.3
Shields        | 1 3 4 5 7 8 |  8.0
Fighting       | 2 |  2.0
Dodging        | 3 |  3.0
Unarmed Combat | 4 |  4.0

Action                   |  1- 3 |  4- 6 |  7- 9 || total
-------------------------+-------+-------+-------++-------
Melee: Unarmed           |   118 |   115 |   373 ||   606
  Use: Scroll            |       |       |     1 ||     1
 Stab: Sleeping          |       |     2 |     1 ||     3
Armor: Robe              |    36 |    27 |    81 ||   144
Dodge: Dodged            |    58 |    42 |    75 ||   175
Block: Tower shield      |    32 |    63 |   347 ||   442
       Reflection        |       |       |     1 ||     1
